 Dungeon Crawl Stone Soup version 0.22.1-2-g9c5b331 (webtiles) character file.

110 SilentRunner the Firebug (level 4, -20/24 HPs)
             Began as a Deep Elf Fire Elementalist on Dec 18, 2018.
             Was a Follower of Nemelex Xobeh.
             Killed by the meddling of Cheibriados (31 damage)
             ... on level 3 of the Dungeon.
             The game lasted 00:22:16 (3029 turns).

SilentRunner the Firebug (DEFE)                     Turns: 3029, Time: 00:22:17

Health: -20/24     AC:  3    Str:  5    XL:     4   Next: 61%
Magic:  12/12      EV: 13    Int: 21    God:    Nemelex Xobeh [*.....]
Gold:   83         SH:  0    Dex: 15    Spells: 7/11 levels left

rFire    . . .     SeeInvis .   l - +0 whip (freeze)
rCold    . . .     Gourm    .   (no shield)
rNeg     . . .     Faith    .   a - +0 robe
rPois    .         Spirit   .   (no helmet)
rElec    .         Reflect  .   (no cloak)
rCorr    .         Harm     .   u - +0 pair of gloves
MR       .....                  (no boots)
Stlth    ++........             (no amulet)
HPRegen  0.08/turn              (no ring)
MPRegen  0.13/turn              (no ring)

@: very slow
A: no striking features
a: Renounce Religion


You were on level 3 of the Dungeon.
You worshipped Nemelex Xobeh.
Nemelex Xobeh was aware of your devotion.
You were not hungry.

You visited 1 branch of the dungeon, and saw 3 of its levels.

You collected 83 gold pieces.

Inventory:

Hand Weapons
 i - a +0 club
 k - a +0 short sword
 l - a +0 whip of freezing (weapon)
 n - a +0 club
Missiles
 b - 42 bolts
 e - 21 arrows
 j - 89 stones (quivered)
Armour
 a - a +0 robe (worn)
 f - a +0 leather armour
 q - a +0 scale mail
 u - a +0 pair of gloves (worn)
Scrolls
 g - 5 scrolls of teleportation {unknown}
 m - a scroll of magic mapping {unknown}
 p - 2 scrolls of fear
 r - 2 scrolls of identify {unknown}
 s - 2 scrolls of random uselessness {unknown}
 t - a scroll of remove curse {unknown}
 x - a scroll of amnesia {unknown}
Potions
 d - a potion of curing
 h - a potion of brilliance {unknown}
 o - a potion of flight {unknown}
 w - 2 potions of magic
 z - a potion of heal wounds {unknown}
 A - a potion of invisibility {unknown}
 C - a potion of degeneration {unknown}
Miscellaneous
 v - a plain deck of summoning {drawn: 2}
 y - a legendary deck of summoning
Comestibles
 c - 11 rations
 B - 3 chunks of flesh


   Skills:
 + Level 0.1 Maces & Flails
 + Level 2.4 Dodging
 + Level 3.0 Stealth
 * Level 4.4 Spellcasting
 + Level 2.0 Conjurations
 * Level 4.6 Fire Magic


You had 7 spell levels left.
You knew the following spells:

 Your Spells              Type           Power        Failure   Level  Hunger
a - Flame Tongue          Conj/Fire      ###..        3%          1    None
b - Conjure Flame         Conj/Fire      ###.....     9%          3    ##.....

Your spell library contained the following spells:

 Spells                   Type           Power        Failure   Level  Hunger
 Throw Flame              Conj/Fire      ###...       4%          2    #......
 Beastly Appendage        Tmut           #.....       12%         1    None
 Inner Flame              Hex/Fire       ##......     13%         3    ##.....
 Sticks to Snakes         Tmut           #.......     17%         2    #......
 Sticky Flame             Conj/Fire      ###.....     28%         4    ####...
 Spider Form              Tmut/Pois      #.........   34%         3    ##.....
 Fireball                 Conj/Fire      ###.......   63%         5    ######.
 Ice Form                 Ice/Tmut       #.......     75%         4    ####...
 Blade Hands              Tmut           #.........   97%         5    ######.


Dungeon Overview and Level Annotations

Branches:
Dungeon (3/15)

Altars:
Cheibriados
Nemelex Xobeh
Uskayaw
The Shining One


Message History

j - 89 stones (gained 21)
You feel sick.
A frilled lizard comes into view.
You feel sick.
You are no longer poisoned.
Casting: Flame Tongue (safe; 3% risk of failure)
Confirm with . or Enter, or press ? or * to list all spells.
Aiming: Flame Tongue (safe; 3% risk of failure)
Press: ? - help, Shift-Dir - straight line, f - frilled lizard
Aim: a frilled lizard (resting)
The flame tongue hits the frilled lizard.
You kill the frilled lizard!
You see here a bat skeleton.
You now have 83 gold pieces (gained 10).
Time shudders.
There is a sudden and violent explosion of flames!
The fireball engulfs you!
Ouch! That really hurt!
You die...
Your body disappears without a glow.

#....# #...#.............#.....
#....# #...#........##.###.#...
#....#####...#........##.....#...
...........#########.......###.#.
.##...............##...........#.
.##...............##...[.....###.
.##...............##÷............
.###########...................##
...#.).<...#....@............#...
#..#.♣...♣.######................
...#.......# #....#.#.........
...#.♣...♣.# #....#.#.####.#..
.###.......# ........#.# ....
.###.♣...♣.# .....#....#.#
.#.#.......#...........#
.#.####'#########.#....#
.#...#...##.......#....#


There were no monsters in sight!

Vanquished Creatures
  4 adders
  An ooze (D:3)
  An adder zombie (D:3)
  3 worms
  2 dart slugs (D:1)
  A leopard gecko (D:2)
  2 giant cockroaches
  2 goblins
  12 hobgoblins
  7 kobolds
  2 quokkas (D:2)
  A ball python (D:1)
  3 bats
  7 frilled lizards
  5 rats
53 creatures vanquished.

Notes
Turn   | Place    | Note
-------+----------+-------------------------------------------
     0 | D:1      | SilentRunner the Deep Elf Fire Elementalist began the quest
                  | for the Orb.
     0 | D:1      | Reached XP level 1. HP: 10/10 MP: 6/6
   234 | D:1      | Reached XP level 2. HP: 9/15 MP: 2/8
  1341 | D:2      | Reached XP level 3. HP: 19/19 MP: 7/10
  1491 | D:2      | Learned a level 3 spell: Conjure Flame
  1505 | D:2      | Found a snail-covered altar of Cheibriados.
  1511 | D:2      | Became a worshipper of Cheibriados the Contemplative
  1535 | D:2      | Found a sparkling altar of Nemelex Xobeh.
  1549 | D:2      | Fell from the grace of Cheibriados
  1549 | D:2      | Became a worshipper of Nemelex Xobeh the Trickster
  1646 | D:2      | Received a gift from Nemelex Xobeh
  1829 | D:2      | Found a glowing golden altar of the Shining One.
  1946 | D:2      | Found a hide-covered altar of Uskayaw.
  2115 | D:2      | Reached XP level 4. HP: 24/24 MP: 10/12
  2573 | D:3      | Reached * piety under Nemelex Xobeh
  2877 | D:3      | Received a gift from Nemelex Xobeh
  2925 | D:3      | Noticed a chaos spawn
  3029 | D:3      | Killed by the meddling of Cheibriados

Skill      XL: |  1  2  3  4 |
---------------+-------------+-----
Fire Magic     | 4 |  4.6
Stealth        | 3 |  3.0
Spellcasting   | 4 |  4.4
Conjurations   | 2 |  2.0
Maces & Flails | |  0.1
Dodging        | |  2.4

Action                   |  1- 3 |  4- 6 || total
-------------------------+-------+-------++-------
Melee: Whip              |    19 |     7 ||    26
       Unarmed           |       |    10 ||    10
Throw: Stone             |     4 |       ||     4
 Cast: Flame Tongue      |    73 |    26 ||    99
       Conjure Flame     |     1 |       ||     1
Evoke: Deck              |     1 |     1 ||     2
  Use: Potion            |     1 |     1 ||     2
       Scroll            |     1 |       ||     1
  Eat: Chunk             |     4 |     3 ||     7
Armor: Robe              |     8 |     3 ||    11
Dodge: Dodged            |    33 |    34 ||    67
